 Dungeon Crawl Stone Soup version 0.30-a0-424-g7412bad402 (webtiles) character file.

Game seed: 15256685467793503238

16 McMuffin the Magician (level 2, -1/19 HPs)
             Began as a Demonspawn Wanderer on Dec 9, 2022.
             Frozen to death by an endoplasm (3 damage)
             ... on level 1 of the Dungeon.
             The game lasted 00:01:42 (172 turns).

McMuffin the Magician (Demonspawn Wanderer)          Turns: 172, Time: 00:01:42

Health: -1/19      AC:  4    Str: 10    XL:     2   Next: 41%
Magic:  5/6        EV: 11    Int: 11    God:
Gold:   10         SH:  0    Dex: 16    Spells: 6/7 levels left

rFire   . . .      SeeInvis .    a - +0 quarterstaff
rCold   . . .      Faith    .    (shield currently unavailable)
rNeg    . . .      Spirit   .    d - +0 robe
rPois   .          Reflect  .    (no helmet)
rElec   .          Harm     .    (no cloak)
rCorr   .          Rampage  .    (no gloves)
Will    .....                    b - +0 pair of boots
Stlth   ++........               (no amulet)
HPRegen 0.23/turn                (no ring)
MPRegen 0.10/turn                (no ring)

@: no status effects
A: sharp scales 1
a: no special abilities


You were on level 1 of the Dungeon.
You visited 1 branch of the dungeon, and saw 1 of its levels.

You collected 10 gold pieces.

Inventory:

Hand Weapons
 a - a +0 quarterstaff (weapon)
Armour
 b - a +0 pair of boots (worn)
 d - a +0 robe (worn)
Potions
 c - a potion of berserk rage


   Skills:
 + Level 0.2 Fighting
 + Level 1.1 Staves
 + Level 3.1 Stealth
 + Level 3.2 Spellcasting
 + Level 0.2 Conjurations
 + Level 1.2 Invocations
 + Level 1.1 Evocations


You had 6 spell levels left.
You knew the following spells:

 Your Spells              Type           Power      Damage    Failure   Level
a - Magic Dart            Conj           8%         1d3       24%         1

Your spell library contained the following spells:

 Spells                   Type           Power      Damage    Failure   Level
 Dazzling Flash           Conj/Hex       2%         N/A       58%         3
 Portal Projectile        Hex/Tloc       2%         N/A       61%         3
 Vhi's Electric Charge    Tloc/Air       2%         N/A       61%         3


Dungeon Overview and Level Annotations

Branches:
Dungeon (1/15)

Altars:


Innate Abilities, Weirdness & Mutations

You are partially covered in razor-sharp scales. (AC +1, Slay +1)


Message History

The jackal bites you but does no damage.
You barely miss the jackal.
The jackal is heavily wounded.
The jackal bites you.
The jackal bites you but does no damage.
You closely miss the jackal.
The jackal is heavily wounded.
A goblin comes into view. It is wielding a +0 dagger.
The jackal bites you.
The goblin shouts!
You hit the jackal but do no damage.
The jackal is heavily wounded.
The jackal barely misses you. The jackal bites you.
* * * LOW HITPOINT WARNING * * *
You sock the jackal!
You kill the jackal!
The bat hits you but does no damage. The bat closely misses you.
The bat misses you.
The endoplasm jiggles.
You see here a jackal corpse.
You barely miss the bat. The bat hits you but does no damage.
You miss the bat. The bat barely misses you.
The bat hits you but does no damage.
You hit the bat.
The bat is heavily wounded.
The bat hits you but does no damage. The bat hits you.
* * * LOW HITPOINT WARNING * * *
You sock the bat!
You kill the bat!
The endoplasm freezes you.
You are frozen.
* * * LOW HITPOINT WARNING * * *
You hit the endoplasm.
The endoplasm is severely wounded.
The endoplasm closely misses you.
You hit the endoplasm but do no damage.
The endoplasm is severely wounded.
The endoplasm freezes you.
You are frozen.
You die...

..# #.# #.# #.# .... ..
###.# #.# .#....# ...# #.#
....... ..# ###.#####
..#..# ####.#####.......#
..... ...)...†.......#.#
...##..
####.#####.#.#.#.###.......
###..#####.#.#.#@##...#..#.
.............#.#J##.....$..
#.##.#####.###.#gK†b.#....#
#.##.# #.# #.#h.#........
#.##.. ..# #.#..#.#......
#.##### #### #.........h...
..# #..#.#.##.#### ###
#....#....# ##.###.####


You could see an endoplasm, a jackal, a goblin and a kobold.

Vanquished Creatures
  2 dart slugs (D:1)
  A ball python (D:1)
  A bat (D:1)
  2 endoplasms (D:1)
  2 jackals (D:1)
  A kobold (D:1)
  A quokka (D:1)
10 creatures vanquished.

Notes
Turn   | Place    | Note
-------+----------+-------------------------------------------
     0 | D:1      | McMuffin the Demonspawn Wanderer began the quest for the
                  | Orb.
     0 | D:1      | McMuffin set off with the following items: a +0
                  | quarterstaff, a +0 pair of boots, a potion of berserk rage,
                  | a +0 robe; and the following spell memorised: Magic Dart;
                  | and the following spells available to memorise: Dazzling
                  | Flash, Portal Projectile, Vhi's Electric Charge.
     0 | D:1      | Reached XP level 1. HP: 13/13 MP: 4/4
   118 | D:1      | Gained mutation: You are partially covered in razor-sharp
                  | scales. (AC +1, Slay +1) [demonic ancestry]
   118 | D:1      | Reached XP level 2. HP: 16/19 MP: 1/6
   172 | D:1      | Frozen to death by an endoplasm

Illustrated notes

Levels and vault maps discovered:
D:1:      dpeg_arrival_stone_temple_mockup, layout_loops_ring,
          minmay_misc_feat_more_columns

Skill      XL: |  1 |
---------------+----+-----
Stealth        | 3 |  3.1
Fighting       | |  0.2
Staves         | |  1.1
Spellcasting   | |  3.2
Conjurations   | |  0.2
Invocations    | |  1.2
Evocations     | |  1.1

Action                   || total
-------------------------++-------
Melee: Quarterstaff      ||    27
 Cast: Magic Dart        ||     7
 Stab: Sleeping          ||     1
Armor: Robe              ||    15
Dodge: Dodged            ||    25

Table legend: (Time is in decaauts)
 A = Elapsed time spent in this place.
 B = Non-inter-level travel time spent in this place.
 C = Inter-level travel time spent in this place.
 D = Time resting spent in this place.
 E = Time spent auto-exploring this place.
 F = Levels seen in this place.
 G = Mean time per level.
                   A        B        C        D        E       F      G
               +--------+--------+--------+--------+--------+-----+--------+
         Total |    178 |    178 |      0 |      0 |      0 |   1 |  178.0 |
       Dungeon |    178 |    178 |      0 |      0 |      0 |   1 |  178.0 |
               +--------+--------+--------+--------+--------+-----+--------+

Top non-repeatable levels by time:
     D:1: 178 daAuts
